 Dungeon Crawl Stone Soup version 0.21.1-1-g345015f (webtiles) character file.

23 Mirai the Sneak (level 3, 0/19 HPs)
             Began as a Kobold Enchanter on May 2, 2018.
             Slain by a scorpion (7 damage)
             ... on level 2 of the Dungeon.
             The game lasted 00:02:45 (1559 turns).

Mirai the Sneak (Kobold Enchanter)                  Turns: 1559, Time: 00:02:45

Health: 0/19       AC:  4    Str:  5    XL:     3   Next: 10%
Magic:  0/6        EV: 15    Int: 16    God:
Gold:   69         SH:  5    Dex: 19    Spells: 3/6 levels left

rFire    + . .     SeeInvis +   a - +1 dagger
rCold    . . .     Gourm    .   f - +0 buckler
rNeg     . . .     Faith    .   b - +0 robe
rPois    .         Spirit   .   m - +0 helmet {SInv}
rElec    .         Reflect  .   (no cloak)
rCorr    .         Harm     .   h - +0 pair of gloves
MR       .....                  (no boots)
Stlth    +++.......             (no amulet)
HPRegen  0.06/turn              g - +3 ring of dexterity
MPRegen  0.10/turn              q - ring of protection from fire

@: lethally poisoned (0 -> -19), very slightly contaminated, hasted, very quick
A: small, carnivore
a: no special abilities


You were on level 2 of the Dungeon.
You were completely stuffed.

You visited 1 branch of the dungeon, and saw 2 of its levels.

You collected 69 gold pieces.

Inventory:

Hand Weapons
 a - a +1 dagger (weapon)
Armour
 b - a +0 robe (worn)
 f - a +0 buckler (worn)
 h - a +0 pair of gloves (worn)
 m - a +0 helmet of see invisible (worn)
Jewellery
 g - a +3 ring of dexterity (left hand)
 j - an uncursed ring of flight
 q - a ring of protection from fire (right hand)
Scrolls
 e - a scroll of fear {unknown}
 l - 2 scrolls of teleportation {unknown}
 o - a scroll of identify {unknown}
Potions
 k - a potion of curing {unknown}
 n - a potion of lignification {unknown}
Books
 c - a book of Maledictions

   Spells                             Type                      Level
   a - Corona                         Hexes                        1
   b - Ensorcelled Hibernation        Hexes/Ice                    2
   c - Confuse                        Hexes                        3
   d - Tukima's Dance                 Hexes                        3
   e - Dazzling Spray                 Conjuration/Hexes            3
Comestibles
 d - 7 rations
 p - a chunk of flesh


   Skills:
 + Level 2.0 Short Blades
 + Level 2.7 Dodging
 + Level 4.3 Stealth
 + Level 0.3 Shields
 + Level 2.4 Spellcasting
 + Level 3.2 Hexes
 + Level 0.4 Ice Magic


You had 3 spell levels left.
You knew the following spells:

 Your Spells              Type           Power        Failure   Level  Hunger
a - Corona                Hex            ##.....      9%          1    #......
b - Ensorcelled Hibernat  Hex/Ice        #.....       24%         2    ###....


Dungeon Overview and Level Annotations

Branches:
Dungeon (2/15)

Altars:
Yredelemnul


Innate Abilities, Weirdness & Mutations

You are small and have problems with some larger weapons.
You are carnivorous and can eat meat at any time.


Message History

Nothing appears to happen.
The scorpion stings you.
You are poisoned.
The scorpion poisons you!
Casting: Ensorcelled Hibernation
Confirm with . or Enter, or press ? or * to list all spells.
Aiming: Ensorcelled Hibernation
Press: ? - help, Shift-Dir - straight line, f - scorpion
Aim: a scorpion (chance to defeat MR: 38%)
You miscast Ensorcelled Hibernation.
You are very lightly contaminated with residual magic.
Strange energies run through your body.
You feel sick. The scorpion stings you!
You are more poisoned.
The scorpion poisons you!
Casting: Ensorcelled Hibernation
Confirm with . or Enter, or press ? or * to list all spells.
You don't have enough magic to cast that spell.
You feel sick. The scorpion misses you.
It was a potion of haste.
You feel yourself speed up.
You feel sick. The scorpion stings you!
You die...

.........######..########....#
.........# #...# #####....#
.........# ###.###.##.....#
.........# #..>...........#
.........# #............#....
.........# #..................
.........# #.........####.####
.........# #.........# ...
..######## #s@.......# ... ..#
......r........# .. ..#
......b.......... ..#
...............#. ..#
...............# ..#
.....$.........# ..#
.........####..# ..#
.........# .. ..#


You could see a scorpion, a bat and a rat.

Vanquished Creatures
  A worm (D:2)
  2 giant cockroaches (D:1)
  2 hobgoblins
  3 jackals (D:2)
  A kobold (D:2)
  2 bats
  A frilled lizard (D:1)
  4 goblins
  A spectral orc (D:2)
17 creatures vanquished.

Notes
Turn   | Place    | Note
-------+----------+-------------------------------------------
     0 | D:1      | Mirai the Kobold Enchanter began the quest for the Orb.
     0 | D:1      | Reached XP level 1. HP: 10/10 MP: 3/3
   496 | D:1      | Reached XP level 2. HP: 15/15 MP: 5/5
   500 | D:1      | Learned a level 2 spell: Ensorcelled Hibernation
  1133 | D:2      | Noticed a scorpion
  1235 | D:2      | Found a faded altar of an unknown god.
  1318 | D:2      | Found a basalt altar of Yredelemnul.
  1325 | D:2      | Reached XP level 3. HP: 19/19 MP: 6/6
  1559 | D:2      | Slain by a scorpion

Skill      XL: |  1  2  3 |
---------------+----------+-----
Short Blades   | 2 |  2.0
Dodging        | |  2.7
Stealth        | |  4.3
Shields        | |  0.3
Spellcasting   | |  2.4
Hexes          | |  3.2
Ice Magic      | |  0.4

Action                   || total
-------------------------++-------
Melee: Dagger            ||   110
 Cast: Ensorcelled Hiber ||     6
  Use: Potion            ||     1
 Stab: Sleeping          ||     4
  Eat: Chunk             ||    11
Armor: Robe              ||    22
Dodge: Dodged            ||    80
Block: Buckler           ||    21
